 Dungeon Crawl Stone Soup version 0.31-a0-325-g067879e3d3 (webtiles) character file.

Game seed: 7821729220341963620

7 tjtr the Sneak (level 1, 0/10 HPs)
             Began as a Felid Delver on July 18, 2023.
             Slain by an adder (3 damage)
             ... on level 5 of the Dungeon.
             The game lasted 00:00:22 (27 turns).

tjtr the Sneak (Felid Delver)                         Turns: 27, Time: 00:00:23

Health: 0/10       AC:  1    Str:  8    XL:     1   Next: 91%
Magic:  2/2        EV: 17    Int: 11    God:
Gold:   0          SH:  0    Dex: 17    Spells: 0/0 levels left
                                        Lives:  0   Deaths: 0

rFire   . .          .
                       - Unarmed
rCold   . . .        (shield unavailable)
rNeg    . . .        (body armour unavailable)
rPois   .            (helmet unavailable)
rElec   .            (cloak unavailable)
rCorr   .            (gloves unavailable)
SInv    +            (boots unavailable)
Will    .....        (no amulet)
Stlth   ++++         (no ring)
HPRegen 0.21/turn    (no ring)
MPRegen 0.08/turn

%: no passive effects
@: quick
A: very small, claws 1, fangs 3, see invisible, speed 1, shaggy fur 1, stealthy
paws, no weapons or thrown items, no armour, multi-lived
a: no special abilities


You were on level 5 of the Dungeon.
You visited 1 branch of the dungeon, and saw 1 of its levels.

Inventory:

Wands
 e - a wand of digging (3)
Scrolls
 a - a scroll of fog
 c - a scroll of fear
Potions
 d - a potion of haste


   Skills:
 + Level 3.0 Fighting
 + Level 2.7 Dodging
 + Level 7.0 Stealth
 + Level 2.0 Unarmed Combat


You couldn't memorise any spells.
You didn't know any spells.
Your spell library was empty.

Dungeon Overview and Level Annotations

Branches:
Dungeon (5/15)
 Temple: D:4-7

Altars:


Innate Abilities, Weirdness & Mutations

You have sharp claws.
You have razor-sharp teeth.
You have supernaturally acute eyesight. (SInv)
You cover ground quickly. (Speed+)
You are covered in fur. (AC +1)
Your paws help you pounce on unaware monsters.
You are incapable of wielding weapons or throwing items.
You cannot wear armour.
You gain extra lives every three experience levels.


Message History

You closely miss the shadow imp. The shadow imp closely misses you.
You scratch the shadow imp but do no damage.
Your bite misses the shadow imp. The shadow imp hits you.
Ouch! That really hurt!
You are too injured to fight recklessly!
You scratch the shadow imp but do no damage.
You claw the shadow imp.
The shadow imp is moderately wounded.
The shadow imp completely misses you.
You scratch the shadow imp.
The shadow imp is heavily wounded.
An adder comes into view.
The shadow imp barely misses you.
The adder hisses angrily.
You scratch the shadow imp. Your bite misses the shadow imp.
The shadow imp is almost dead.
The shadow imp hits you but does no damage.
You closely miss the shadow imp.
The shadow imp is almost dead.
The shadow imp misses you.
You scratch the shadow imp.
You kill the shadow imp!
Your Stealth skill increases to level 7!
The adder barely misses you.
You barely miss the adder. The adder completely misses you.
You scratch the adder. You bite the adder, but do no damage.
The adder is heavily wounded.
The adder misses you.
You miss the adder.
The adder is heavily wounded.
The adder barely misses you.
You scratch the adder.
The adder is severely wounded.
The adder bites you.
* * * LOW HITPOINT WARNING * * *
The adder closely misses you.
You closely miss the adder.
The adder is severely wounded.
The adder bites you.
You die...

,***##.#..#....*..,,*,**,*,,****,
,,........#...##.#***,**,*,*****,
,*####.#....#.....,,*,,,,,,,,,**,
,*####.........#.#*,****,*,**,**,
,*####.#....#..#.#*,* *,*,,,,,,,
.#####.#..#.#..#?#*,* *,*,**,**,
...............#.#*,* *,*,**,**,
..##........##)#S##.# *,*,**,**,
#....#.#..####..@...#***,*,**,**,
......>#..######.##.....,,,**,**,
#.##.####.######.#***#..,,,,,,,,,
.,................,,,,,,,*,******
#.##.###.........##***,***,*
.,...####.##.###.# *,,,,,*
,,##.####.##.###.# *,*****
*,##..........##.# **,**
*,.#.....<....##.* *,,,*


You could see an adder.

Vanquished Creatures
  A shadow imp (D:5)
1 creature vanquished.

Notes
Turn   | Place    | Note
-------+----------+-------------------------------------------
     0 | D:5      | tjtr the Felid Delver began the quest for the Orb.
     0 | D:5      | Reached XP level 1. HP: 10/10 MP: 2/2
    21 | D:5      | Reached skill level 7 in Stealth
    27 | D:5      | Slain by an adder

Illustrated notes

Levels and vault maps discovered:
D:5:      layout_basic, grunt_decor_mini_mirrors

Skill      XL: |  1 |
---------------+----+-----
Stealth        | 7 |  7.0
Fighting       | |  3.0
Dodging        | |  2.7
Unarmed Combat | |  2.0

Action                     || total
---------------------------++-------
  Melee: Unarmed           ||    12
         Punch             ||     1
         Bite              ||     1
    Use: Scroll            ||     1
 Armour: Skin              ||     1
  Dodge: Dodged            ||    10

Table legend: (Time is in decaauts)
 A = Elapsed time spent in this place.
 B = Non-inter-level travel time spent in this place.
 C = Inter-level travel time spent in this place.
 D = Time resting spent in this place.
 E = Time spent auto-exploring this place.
 F = Levels seen in this place.
 G = Mean time per level.
                   A        B        C        D        E       F      G
               +--------+--------+--------+--------+--------+-----+--------+
         Total |     24 |     20 |      4 |      0 |      3 |   1 |   24.0 |
       Dungeon |     24 |     20 |      4 |      0 |      3 |   1 |   24.0 |
               +--------+--------+--------+--------+--------+-----+--------+

Top non-repeatable levels by time:
     D:5: 24 daAuts
